 Dungeon Crawl Stone Soup version 0.26-a0-52-gd53d4cd058 (webtiles) character file.

Game seed: 13219708782914592647

151 Gargoyl the Skirmisher (level 5, -3/45 HPs)
             Began as a Centaur Abyssal Knight on June 5, 2020.
             Was a Believer of Lugonu.
             Slain by Grinder (8 damage)
             ... while paralysed by Grinder
             ... on level 3 of the Dungeon.
             The game lasted 00:04:22 (3761 turns).

Gargoyl the Skirmisher (Centaur Abyssal Knight)     Turns: 3761, Time: 00:04:23

Health: -3/45      AC:  7    Str: 14 (15) XL:     5   Next: 10%
Magic:  7/7        EV:  1    Int:  8 (11) God:    Lugonu [**....]
Gold:   202        SH:  0    Dex:  7 (9)  Spells: 4/4 levels left

rFire    . . .     SeeInvis .   a - +1 hand axe
rCold    . . .     Gourm    .   (no shield)
rNeg     . . .     Faith    .   t - +0 scale mail
rPois    .         Spirit   .   (no helmet)
rElec    .         Reflect  .   u - +0 cloak
rCorr    .         Harm     .   (no gloves)
MR       .....                  (no barding)
Stlth    ..........             (no amulet)
HPRegen  0.15/turn              d - +4 ring of evasion
MPRegen  0.10/turn              (no ring)

@: paralysed, mighty, very quick
A: large, hooves 3, deformed body, speed 2, tough skin 3
a: Depart the Abyss, Bend Space, Renounce Religion


You were on level 3 of the Dungeon.
You worshipped Lugonu.
Lugonu was pleased with you.
You were not hungry.

You visited 1 branch of the dungeon, and saw 3 of its levels.
You visited the Abyss 1 time.

You collected 202 gold pieces.

Inventory:

Hand Weapons
 a - a +1 hand axe (weapon)
Missiles
 e - 7 boomerangs (quivered)
Armour
 t - a +0 scale mail (worn)
 u - a +0 cloak (worn)
Jewellery
 d - a +4 ring of evasion (left hand)
 w - a +6 ring of intelligence
Wands
 b - a wand of disintegration (7)
 l - a wand of flame (11)
Scrolls
 g - 3 scrolls of remove curse {unknown}
 h - a scroll of fog {unknown}
 i - 4 scrolls of identify {unknown}
 j - a scroll of enchant armour {unknown}
 o - a scroll of magic mapping {unknown}
 p - a scroll of fear {unknown}
 s - 2 scrolls of amnesia {unknown}
Potions
 f - a potion of might
 k - a potion of degeneration
 m - a potion of brilliance {unknown}
 n - a potion of mutation {unknown}
 r - a potion of cancellation {unknown}
Comestibles
 c - 8 rations
 v - 10 chunks of flesh


   Skills:
 + Level 3.6 Fighting
 + Level 2.9 Axes
 * Level 2.0 Armour
 * Level 1.6 Dodging
 * Level 3.0 Invocations


You had 4 spell levels left.
You didn't know any spells.
Your spell library was empty.

Dungeon Overview and Level Annotations

Branches:
Dungeon (3/15)

Altars:
Xom

Annotations:
D:3 Grinder


Innate Abilities, Weirdness & Mutations

You have hooves in place of feet.
Armour fits poorly on your strangely shaped body.
You cover ground very quickly.
You have extremely tough skin. (AC +3)


Message History

You feel very mighty all of a sudden. Grinder hits you but does no damage.
Your scale mail prevents you from hitting Grinder.
Your kick misses Grinder.
Grinder is moderately wounded.
Grinder hits you!
You writhe in agony.
You completely miss Grinder.
Grinder is moderately wounded.
Grinder gestures at you. Pain shoots through your body!
* * * LOW HITPOINT WARNING * * *
Grinder hits you but does no damage.
It was a potion of curing.
You feel better. Grinder gestures at you.
You suddenly lose the ability to move!
Grinder gestures at you. Pain shoots through your body!
* * * LOW HITPOINT WARNING * * *
Grinder hits you!
You die...

.............##.......#.......#
...........#.##.......#######.#
...........#.#...#.##.. .#
..........>#....##.### #
...........#..#.## #
.))........#....# .#
#..)...........###.####
#..........#...5......#
................@.....#
....#....##.#.........#
..#....).##.#.........#
#.##..................#
#.#####...............# #.
#...............#
...........###### ##.........#
.......


You could see Grinder.

Vanquished Creatures
  Ijyb (D:2)
  2 adders (D:2)
  2 oozes (D:1)
  3 worms (D:2)
  3 dart slugs
  3 leopard geckos
  6 orcs (D:3)
  11 bats
  3 giant cockroaches
  7 goblins
  7 hobgoblins
  5 jackals
  5 kobolds
  A quokka (D:2)
  4 ball pythons
  3 frilled lizards
  6 rats
72 creatures vanquished.

Vanquished Creatures (others)
  2 starspawn tentacles (Abyss:1)
2 creatures vanquished.

Grand Total: 74 creatures vanquished

Notes
Turn   | Place    | Note
-------+----------+-------------------------------------------
     0 | Abyss:1  | Gargoyl the Centaur Abyssal Knight began the quest for the
                  | Orb.
     0 | Abyss:1  | Reached XP level 1. HP: 19/19 MP: 2/2
    42 | Abyss:1  | Noticed a small abomination
    44 | Abyss:1  | Noticed a tentacled starspawn
    49 | Abyss:1  | Noticed a starcursed mass
   129 | Abyss:2  | Noticed an orange demon
   130 | D:1      | Escaped the Abyss
   437 | D:1      | Reached XP level 2. HP: 22/26 MP: 3/3
   579 | D:1      | Reached * piety under Lugonu
   730 | D:1      | Reached skill level 1 in Dodging
   730 | D:1      | Reached XP level 3. HP: 31/31 MP: 4/4
  1384 | D:2      | Found a shimmering altar of Xom.
  1787 | D:2      | Reached XP level 4. HP: 33/38 MP: 4/6
  1948 | D:2      | Reached ** piety under Lugonu
  3036 | D:3      | Noticed Ijyb
  3345 | D:2      | Killed Ijyb
  3574 | D:3      | Reached XP level 5. HP: 45/45 MP: 7/7
  3746 | D:3      | Noticed Grinder
  3759 | D:3      | Paralysed by Grinder for 7 turns
  3761 | D:3      | Slain by Grinder

Illustrated notes

Levels and vault maps discovered:
D:1:      shiori_arrival_oz, layout_loops_corners, chequers_avenue,
          serial_park_tiny_pond, minmay_tromino_v2
D:2:      layout_loops_ring, lemuel_round_altar, first_ration, dk_vineyard_1
D:3:      layout_rooms, uniq_grinder, uniq_crazy_yiuf_cottage, uniq_ijyb

Skill      XL: |  1  2  3  4  5 |
---------------+----------------+-----
Axes           | 2 |  2.9
Dodging        | 1 |  1.6
Armour         | 2 |  2.0
Invocations    | 3 |  3.0
Fighting       | |  3.6

Action                   |  1- 3 |  4- 6 || total
-------------------------+-------+-------++-------
Melee: Hand axe          |   117 |   108 ||   225
       Kick              |    15 |    20 ||    35
Invok: Depart the Abyss  |     1 |       ||     1
  Use: Potion            |     1 |     3 ||     4
  Eat: Chunk             |     2 |     5 ||     7
Armor: Leather armour    |    57 |    10 ||    67
       Scale mail        |       |    24 ||    24
Dodge: Dodged            |   118 |    58 ||   176

Table legend:
 A = Non-vault XP
 B = Vault XP
 C = Vault XP percentage of total XP
 D = Non-vault monster count
 E = Vault monster count
 F = Vault count percentage of total count
                 A         B        C        D         E       F
            +---------+---------+-------+---------+---------+-------
      Total |     176 |      40 |  18.5 |      69 |       3 |   4.2
            +---------+---------+-------+---------+---------+-------
        D:1 |      61 |       4 |   6.2 |      28 |       2 |   6.7
        D:2 |      89 |      36 |  28.8 |      31 |       1 |   3.1
        D:3 |      26 |       0 |   0.0 |      10 |       0 |   0.0
            +---------+---------+-------+---------+---------+-------
